 Dungeon Crawl Stone Soup version 0.29-a0-96-g93358da72b (webtiles) character file.

Game seed: 3467025282785530760

9181 Gildeon the Basher (level 11, -6/63 HPs)
             Began as a Gargoyle Fighter on Feb 10, 2022.
             Was a Priest of Makhleb.
             Killed from afar by a gargoyle (12 damage)
             ... with a stone arrow
             ... on level 9 of the Dungeon.
             The game lasted 00:27:54 (10928 turns).

Gildeon the Basher (Gargoyle Fighter)              Turns: 10928, Time: 00:27:55

Health: -6/63      AC: 23    Str: 30    XL:     11   Next: 42%
Magic:  24/24      EV: 12    Int:  9    God:    Makhleb [***...]
Gold:   459        SH:  4    Dex:  9    Spells: 16/16 levels left

rFire   . . .      SeeInvis .   n - +3 flail
rCold   . . .      Faith    .   c - +0 buckler
rNeg    + . .      Spirit   .   k - +0 plate armour
rPois   ∞          Reflect  .   (no helmet)
rElec   +          Harm     .   r - +0 cloak {rPois}
rCorr   .          Rampage  +   m - +0 pair of gloves of Lymerph {Rampage rElec MP+9}
Will    .....                   g - +0 pair of boots
Stlth   ..........              (no amulet)
HPRegen 0.20/turn               i - +6 ring of strength
MPRegen 0.19/turn               u - +4 ring of evasion

@: no status effects
A: sickness immunity, AC +8, negative energy resistance 1, electricity
resistance, torment resistance 1, petrification resistance
a: Renounce Religion, Minor Destruction, Lesser Servant of Makhleb


You were on level 9 of the Dungeon.
You worshipped Makhleb.
Makhleb was most pleased with you.
You visited 2 branches of the dungeon, and saw 12 of its levels.
You also visited: Sewer.

You collected 459 gold pieces.

Inventory:

Hand Weapons
 n - a +3 flail (weapon)
 v - a +0 flail of holy wrath
 D - a +4 war axe
Armour
 c - a +0 buckler (worn)
 g - a +0 pair of boots (worn)
 k - a +0 plate armour (worn)
 m - the +0 pair of gloves of Lymerph (worn) {Rampage rElec MP+9}
   (You found it in a sewer)

   rElec:     It insulates you from electricity.
   MP:        It affects your magic capacity (+9).
   Rampage:   It bestows one free step when moving towards enemies.
 r - a +0 cloak of poison resistance (worn)
Jewellery
 i - a +6 ring of strength (left hand)
 o - a ring of flight
 u - a +4 ring of evasion (right hand)
Wands
 d - a wand of charming (4)
 e - a wand of acid (7)
 q - a wand of iceblast (11)
 y - a wand of flame (18)
 C - a wand of polymorph (5)
Scrolls
 a - a scroll of enchant weapon {unknown}
 b - 3 scrolls of vulnerability
 h - a scroll of brand weapon {unknown}
 j - 5 scrolls of amnesia
 p - 4 scrolls of noise {unknown}
 s - 4 scrolls of teleportation
 t - a scroll of magic mapping {unknown}
 z - a scroll of holy word {unknown}
 A - a scroll of fog {unknown}
 B - a scroll of immolation {unknown}
Potions
 f - 2 potions of mutation
 w - a potion of invisibility {unknown}
 x - 2 potions of magic


   Skills:
 - Level 5.0 Fighting
 - Level 14.0 Maces & Flails
 - Level 5.0 Armour
 - Level 5.0 Dodging
 - Level 5.0 Shields
 + Level 3.1 Spellcasting
 + Level 3.7 Invocations
 + Level 3.1 Evocations


You had 16 spell levels left.
You didn't know any spells.
Your spell library contained the following spells:

 Spells                   Type           Power      Damage    Failure   Level
 Shock                    Conj/Air       4%         1d3       98%         1
 Sting                    Tmut/Pois      4%         1d3       98%         1
 Ensorcelled Hibernation  Hex/Ice        2%         N/A       99%         2
 Passwall                 Tmut/Erth      0%         N/A       99%         2
 Poisonous Vapours        Pois/Air       2%         N/A       99%         2
 Searing Ray              Conj           2%         2d4       99%         2
 Conjure Flame            Conj/Fire      1%         6-21      100%        3
 Ignite Poison            Fire/Tmut/Pois 1%         N/A       100%        3
 Summon Guardian Golem    Hex/Summ       1%         N/A       100%        3
 Swiftness                Air            1%         N/A       100%        3
 Olgreb's Toxic Radiance  Pois           1%         N/A       100%        4
 Sticky Flame             Conj/Fire      1%         2d3       100%        4
 Summon Lightning Spire   Summ/Air       1%         N/A       100%        4
 Iskenderun's Battlesphe  Conj           1%         2d6       100%        5
 Metabolic Englaciation   Hex/Ice        0%         N/A       100%        5
 Storm Form               Tmut/Air       0%         N/A       100%        7
 Maxwell's Capacitive Co  Air            0%         ∞         100%        8


Dungeon Overview and Level Annotations

Branches:
Dungeon (11/15)            Temple (1/1) D:5           Sewer (visited)
   Lair: D:8-11         Orc: D:9-12

Altars:
Ashenzari
Cheibriados
Dithmenos
Elyvilon
Fedhas
Gozag
Hepliaklqana
Kikubaaqudgha
Makhleb
Nemelex Xobeh
Okawaru
Qazlal
Ru
Sif Muna
Trog
Uskayaw
Vehumet
Wu Jian
Xom
Yredelemnul
Zin
The Shining One

Shops:
D:6 (   D:11 (

Annotations:
D:11 4 runed translucent doors


Innate Abilities, Weirdness & Mutations

You are immune to sickness and miasma.
Your stone body is resilient. (AC +8)
You are immune to poison.
You resist negative energy. (rN+)
You are resistant to electric shocks. (rElec)
You are resistant to unholy torment.
You are immune to petrification.


Message History

The gargoyle is lightly damaged.
You completely miss the gargoyle.
The gargoyle is lightly damaged.
The gargoyle hurls a stone arrow at you.
The stone arrow hits you!
You hit the gargoyle.
The gargoyle is moderately damaged.
The gargoyle closely misses you.
You hit the gargoyle but do no damage.
The gargoyle is moderately damaged.
The orc warrior hits you with a +0 war axe.
You hit the gargoyle but do no damage.
The gargoyle is moderately damaged.
The gargoyle hurls a stone arrow at you.
The stone arrow hits you!!
* * * LOW HITPOINT WARNING * * *
You block the orc warrior's attack.
You closely miss the gargoyle.
The gargoyle is moderately damaged.
You block the gargoyle's attack.
Unknown command.
The orc warrior misses you.
It was a potion of cancellation.
You feel magically purged.
The gargoyle hits you with a +0 morningstar!
* * * LOW HITPOINT WARNING * * *
The orc warrior barely misses you.
Unknown command.
You completely miss the orc warrior.
The gargoyle hits you but does no damage.
You sock the orc warrior!
The orc warrior is heavily wounded.
The orc warrior barely misses you.
You hit the orc warrior but do no damage.
The orc warrior is heavily wounded.
You block the gargoyle's attack. The orc warrior closely misses you.
You closely miss the orc warrior.
The orc warrior is heavily wounded.
The gargoyle hurls a stone arrow at you.
The stone arrow hits you!
You die...

# #...# #........# #.
#...# #........#
#..###...###........#
#####.........)...#####.#
............†####^# #.#
......####...# #.# #.#
..... #)..# #.# #.#
...... #[†.# #.# #.#
......# #@..# #.# #.#
....9..###o9.# #.# #.#
.........#...# #.# #.#
.....o.......# #.#
..........)..#
.............#
.............#
....####.....# ....
#.....#


You could see an orc warrior and a gargoyle.

Vanquished Creatures
  2 two-headed ogres
  Maurice (D:8)
  Psyche (D:8)
  A komodo dragon (D:9)
  Prince Ribbit (D:8)
  Sigmund (D:2)
  15 yaks
  A shadow (D:11)
  A basilisk (D:9)
  A wraith (D:7)
  4 vampire mosquitoes (D:9)
  3 water moccasins
  2 black bears
  Pargi (Sewer)
  3 orc warriors
  2 ogres (D:6)
  A sky beast (D:5)
  5 necrophages
  2 centaurs
  3 phantoms
  A kobold brigand (D:9)
  3 bullfrogs
  A wyvern zombie (D:8)
  A gnoll sergeant (D:7)
  A scorpion (D:9)
  6 wights
  3 howler monkeys
  4 centaur zombies
  A jelly (D:6)
  7 orc priests
  3 hounds
  A centaur skeleton (D:4)
  3 iguanas
  5 orc wizards
  A killer bee zombie (D:8)
  A hound skeleton (D:4)
  A howler monkey zombie (D:7)
  A howler monkey skeleton (D:6)
  9 gnolls
  11 adders
  A shadow imp (D:7)
  2 white imps (D:6)
  A worm (D:2)
  2 dart slugs
  9 orcs
  13 bats
  4 endoplasms
  2 giant cockroaches (D:2)
  4 goblins
  12 hobgoblins
  2 jackals (D:2)
  3 quokkas
  8 ball pythons
  4 frilled lizards
  8 kobolds
  3 rats
193 creatures vanquished.

Vanquished Creatures (others)
  A howler monkey (D:8)
  19 fungi (D:9)
  24 plants (D:9)
  2 withered plants (D:8)
46 creatures vanquished.

Grand Total: 239 creatures vanquished

Notes
Turn   | Place    | Note
-------+----------+-------------------------------------------
     0 | D:1      | Gildeon the Gargoyle Fighter began the quest for the Orb.
     0 | D:1      | Reached XP level 1. HP: 14/14 MP: 1/1
   253 | D:1      | Found a faded altar of an unknown god.
   461 | D:1      | Reached XP level 2. HP: 19/19 MP: 2/2
   596 | D:1      | Reached skill level 3 in Maces & Flails
  1027 | D:1      | Reached XP level 3. HP: 23/23 MP: 3/3
  1889 | D:2      | Reached skill level 4 in Maces & Flails
  1897 | D:2      | Reached XP level 4. HP: 28/28 MP: 4/4
  2032 | D:2      | Noticed Sigmund
  2061 | D:3      | Found a white marble altar of Elyvilon.
  2571 | D:3      | Found a glowing drain.
  2596 | Sewer    | Entered a sewer
  2651 | Sewer    | Noticed Pargi
  2659 | Sewer    | Killed Pargi
  2660 | Sewer    | Reached skill level 5 in Maces & Flails
  2660 | Sewer    | Reached XP level 5. HP: 32/32 MP: 5/5
  2666 | Sewer    | Identified the +0 pair of gloves of Lymerph {Rampage rElec
                  | MP+9}
  2935 | D:4      | Noticed a yak
  2944 | D:4      | Noticed a yak
  2952 | D:5      | Entered Level 5 of the Dungeon
  2981 | D:5      | Noticed a phantom
  2996 | D:5      | Killed a phantom
  2997 | D:5      | Reached skill level 6 in Maces & Flails
  2997 | D:5      | Reached XP level 6. HP: 24/37 MP: 6/6
  3153 | D:5      | Found a staircase to the Ecumenical Temple.
  3162 | Temple   | Entered the Ecumenical Temple
  3265 | Temple   | Became a worshipper of Makhleb the Destroyer
  3900 | D:5      | Noticed a sky beast
  3909 | D:5      | Killed a sky beast
  4243 | D:5      | Reached skill level 7 in Maces & Flails
  4254 | D:5      | Reached XP level 7. HP: 25/42 MP: 7/7
  4448 | D:6      | Found Nunly's Weapon Boutique.
  4482 | D:6      | Found a snail-covered altar of Cheibriados.
  4779 | D:6      | Reached skill level 5 in Fighting
  4779 | D:6      | Reached skill level 8 in Maces & Flails
  5026 | D:6      | Reached XP level 8. HP: 47/49 MP: 8/8
  5359 | D:6      | Reached skill level 9 in Maces & Flails
  5996 | D:7      | Reached skill level 5 in Armour
  6155 | D:7      | Reached skill level 10 in Maces & Flails
  6289 | D:7      | Reached XP level 9. HP: 54/54 MP: 9/9
  6433 | D:7      | Reached * piety under Makhleb
  6464 | D:7      | Identified the +7 falchion "Fymm" {freeze, *Corrode Str+6
                  | Int+5}
  6691 | D:7      | Identified the +2 leather armour "Gavvathreze" {Str+3}
  6959 | D:7      | Reached skill level 11 in Maces & Flails
  7074 | D:7      | Reached skill level 5 in Shields
  7185 | D:8      | Noticed Prince Ribbit
  7292 | D:4      | Reached skill level 1 in Dodging
  7304 | D:4      | Reached skill level 12 in Maces & Flails
  8211 | D:4      | Got the Papyrus of Harmful Curses
  8295 | D:4      | Reached XP level 10. HP: 59/59 MP: 10/10
  8436 | D:2      | Killed Sigmund
  8945 | D:9      | Noticed a two-headed ogre
  8951 | D:8      | Noticed Maurice
  8975 | D:8      | Paralysed by something for 7 turns
  9011 | D:8      | Killed Maurice
  9076 | D:8      | Reached ** piety under Makhleb
  9167 | D:8      | Noticed Psyche
  9231 | D:8      | Killed Prince Ribbit
  9241 | D:8      | Killed Psyche
  9242 | D:8      | Reached skill level 13 in Maces & Flails
  9383 | D:8      | You fall into a shaft and drop 3 floors!
  9526 | D:11     | Found a runed translucent door.
  9540 | D:11     | Found a runed translucent door.
  9556 | D:11     | Found a runed translucent door.
  9570 | D:11     | Found a runed translucent door.
  9600 | D:11     | Found Motheutz's Antique Weapon Shoppe.
  9601 | D:11     | Noticed a two-headed ogre
  9617 | D:11     | Killed a two-headed ogre
  9725 | D:10     | Entered Level 10 of the Dungeon
 10676 | D:9      | Upgraded the game from 0.29-a0-92-gee772dd00f to
                  | 0.29-a0-96-g93358da72b
 10714 | D:9      | Killed a two-headed ogre
 10715 | D:9      | Reached skill level 14 in Maces & Flails
 10715 | D:9      | Reached skill level 5 in Dodging
 10715 | D:9      | Reached skill level 1 in Spellcasting
 10715 | D:9      | Reached skill level 1 in Invocations
 10715 | D:9      | Reached skill level 1 in Evocations
 10715 | D:9      | Reached XP level 11. HP: 46/63 MP: 12/12
 10814 | D:9      | Reached *** piety under Makhleb
 10928 | D:9      | Killed from afar by a gargoyle

Illustrated notes

Levels and vault maps discovered:
D:1:      mainiacjoe_arrival_reflecting_pool, layout_basic,
          basic_ecumenical_altar, chequers_serial_rivers_small_3,
          minmay_misc_feat_five
D:2:      layout_basic, uniq_sigmund
D:3:      layout_basic, nicolae_overflow_crystal_walls, gup_sewer_entry_glass
D:4:      layout_basic
D:5:      layout_cave_pods, minmay_temple_entry_large_hall, saegor_snake_ambush
D:6:      layout_loops_corners, kennysheep_slug_shrine, serial_shops,
          nicolae_shop_bloodbath_and_beyond
D:7:      layout_cave_pools, minmay_circle_x
D:8:      layout_basic, serial_undead, serial_undead_a, serial_undead_b,
          serial_undead_e, serial_undead_e, uniq_psyche, uniq_maurice,
          uniq_prince_ribbit1
D:9:      layout_long_grid, grunt_lair_entry_orc_guard_hut, serial_shops, shop,
          minmay_bent
D:10:     minmay_angry_zag, layout_gridville, special_room [special_room_bee],
          minmay_st_funbox, amcnicky_mini_pool_small, minivault_11
D:11:     layout_irregular_city, serial_shops, shop, nicolae_shop_statue_plus,
          shop, minmay_statue_crystal_thing
Temple:   mainiacjoe_temple_cubbyholes

Skill      XL: |  1  2  3  4  5  6  7  8  9 10 11 |
---------------+----------------------------------+-----
Maces & Flails | 3 4 5 6 7 8 10 12 14 | 14.0
Fighting       | 5 |  5.0
Armour         | 5 |  5.0
Shields        | 5 |  5.0
Dodging        | 2 5 |  5.0
Spellcasting   | 1 3 |  3.1
Invocations    | 1 3 |  3.7
Evocations     | 1 3 |  3.1

Action                   |  1- 3 |  4- 6 |  7- 9 | 10-12 || total
-------------------------+-------+-------+-------+-------++-------
Melee: Flail             |   119 |   109 |   303 |   277 ||   808
       Unarmed           |       |       |       |    19 ||    19
  Use: Potion            |       |     1 |       |     3 ||     4
       Scroll            |       |     3 |     2 |     4 ||     9
 Stab: Confused          |       |       |       |     2 ||     2
Armor: Scale mail        |    41 |       |       |       ||    41
       Chain mail        |    79 |    90 |       |       ||   169
       Plate armour      |       |    23 |   216 |    88 ||   327
       Skin              |       |       |       |     3 ||     3
Dodge: Dodged            |    61 |    62 |   121 |   105 ||   349
Block: Buckler           |    18 |    29 |    63 |    37 ||   147

Table legend: (Time is in decaauts)
 A = Elapsed time spent in this place.
 B = Non-inter-level travel time spent in this place.
 C = Inter-level travel time spent in this place.
 D = Time resting spent in this place.
 E = Time spent auto-exploring this place.
 F = Levels seen in this place.
 G = Mean time per level.
                   A        B        C        D        E       F      G
               +--------+--------+--------+--------+--------+-----+--------+
         Total |  10949 |  10260 |    689 |    523 |   7647 |  13 |  842.2 |
       Dungeon |  10434 |   9798 |    636 |    523 |   7334 |  11 |  948.5 |
        Temple |    376 |    323 |     53 |      0 |    305 |   1 |  376.0 |
         Sewer |    138 |    138 |      0 |      0 |      8 |   1 |  138.0 |
               +--------+--------+--------+--------+--------+-----+--------+

Top non-repeatable levels by time:
     D:6: 1451 daAuts
     D:1: 1412 daAuts
     D:7: 1322 daAuts
     D:4: 1227 daAuts
     D:5: 1151 daAuts
     D:8: 1094 daAuts
     D:2: 1015 daAuts
     D:3: 792 daAuts
     D:9: 592 daAuts
  Temple: 376 daAuts
    D:11: 338 daAuts
   Sewer: 138 daAuts
    D:10: 35 daAuts
